 Dungeon Crawl Stone Soup version 0.22-a0-525-gf69a080 (webtiles) character file.

38 BingusPrime the Charmwright (level 3, -1/30 HPs)
             Began as a Hill Orc Skald on June 20, 2018.
             Slain by Robin
             ... wielding a +0 club
              (4 damage)
             ... on level 2 of the Dungeon.
             The game lasted 00:03:58 (1246 turns).

BingusPrime the Charmwright (Hill Orc Skald)        Turns: 1246, Time: 00:04:00

Health: -1/30      AC:  3    Str: 14    XL:     3   Next: 43%
Magic:  3/5        EV: 11    Int: 13    God:
Gold:   86         SH:  3    Dex: 10    Spells: 4/5 levels left

rFire    . . .     SeeInvis .   a - +0 falchion
rCold    . . .     Gourm    .   i - +0 buckler
rNeg     . . .     Faith    .   b - +0 leather armour
rPois    .         Spirit   .   g - -1 helmet (curse)
rElec    .         Reflect  .   (no cloak)
rCorr    .         Harm     .   (no gloves)
MR       .....                  (no boots)
Stlth    +.........             (no amulet)
HPRegen  0.10/turn              (no ring)
MPRegen  0.09/turn              (no ring)

@: infused
A: no striking features
a: no special abilities


You were on level 2 of the Dungeon.
You were hungry.

You visited 1 branch of the dungeon, and saw 2 of its levels.

You collected 86 gold pieces.

Inventory:

Hand Weapons
 a - a +0 falchion (weapon)
 k - a +0 hunting sling
Missiles
 l - 56 stones (quivered)
Armour
 b - a +0 leather armour (worn)
 e - a +0 helmet
 g - a cursed -1 helmet (worn)
 i - a +0 buckler (worn)
Scrolls
 f - a scroll of identify
Potions
 c - a potion of mutation
 j - a potion of invisibility {unknown}
 m - 3 potions of heal wounds {unknown}
Comestibles
 d - 2 rations
 h - 7 chunks of flesh


   Skills:
 + Level 2.6 Fighting
 + Level 2.6 Long Blades
 + Level 0.1 Throwing
 + Level 1.5 Armour
 + Level 1.7 Dodging
 + Level 0.1 Stealth
 + Level 1.9 Spellcasting
 + Level 3.1 Charms


You had 4 spell levels left.
You knew the following spells:

 Your Spells              Type           Power        Failure   Level  Hunger
a - Infusion              Chrm           #...         16%         1    ##.....

Your spell library contained the following spells:

 Spells                   Type           Power        Failure   Level  Hunger
 Regeneration             Chrm/Necr      #.........   65%         3    ####...
 Shroud of Golubria       Chrm/Tloc      #.........   41%         2    ###....
 Song of Slaying          Chrm           #.......     22%         2    ###....
 Spectral Weapon          Hex/Chrm       #.......     65%         3    ####...


Dungeon Overview and Level Annotations

Branches:
Dungeon (2/15)

Altars:

Annotations:
D:2 Robin


Message History

Robin hits you with a club.
* * * LOW HITPOINT WARNING * * *
You hit Robin.
Robin is moderately wounded.
You block Robin's attack.
You hit Robin.
Robin is moderately wounded.
Robin hits you but does no damage.
You barely miss Robin.
Robin is moderately wounded.
Robin barely misses you.
You riposte.
You closely miss Robin.
Robin is moderately wounded.
Unknown command.
You hit Robin.
Robin is severely wounded.
Robin says, "Kneel, worm!"
Robin hits you with a club.
* * * LOW HITPOINT WARNING * * *
Robin hits you with a club.
You die...

#.##. #########
#.#.. ### #.......#
#.##. ..
#.......####'##+
####.
#.......#.......
....#
#.......#.......
...
#.......#.......
#(##.......####'#..
+.@'...............
##g#........###.#..
#.#).......# #.#..
#.)#######.# #.#..
##(# #.# #.#.. #)#
#.# #.#.. #(( #.#
#.#.. ##(# #.# .#..
.. #.# #..


You could see Robin.

Vanquished Creatures
  2 bats (D:1)
  A giant cockroach (D:1)
  11 goblins
  7 hobgoblins
  5 kobolds
  2 frilled lizards (D:1)
  5 rats (D:1)
33 creatures vanquished.

Notes
Turn   | Place    | Note
-------+----------+-------------------------------------------
     0 | D:1      | BingusPrime the Hill Orc Skald began the quest for the Orb.
     0 | D:1      | Reached XP level 1. HP: 18/18 MP: 3/3
   269 | D:1      | Reached XP level 2. HP: 24/25 MP: 4/4
   298 | D:1      | Reached skill level 3 in Charms
  1155 | D:2      | Noticed Robin
  1166 | D:2      | Reached XP level 3. HP: 24/30 MP: 0/5
  1246 | D:2      | Slain by Robin

Vault maps used:
D:1:      kennysheep_arrival_seaside
D:2:      uniq_robin

Skill      XL: |  1  2 |
---------------+-------+-----
Charms         | 3 |  3.1
Fighting       | |  2.6
Long Blades    | |  2.6
Throwing       | |  0.1
Armour         | |  1.5
Dodging        | |  1.7
Stealth        | |  0.1
Spellcasting   | |  1.9

Action                   || total
-------------------------++-------
Melee: Falchion          ||    95
Throw: Stone             ||    14
 Cast: Infusion          ||    13
  Use: Scroll            ||     1
       Potion            ||     1
  Eat: Chunk             ||     1
Armor: Leather armour    ||    21
Dodge: Dodged            ||    49
Block: Buckler           ||     9
       Rpst.: Falchion   ||    16

Table legend:
 A = Spawn XP
 B = Non-spawn XP
 C = Spawn XP percentage of total XP
 D = Spawn monster count
 E = Non-spawn monster count
 F = Spawn count percentage of total count
 G = Total turns spent on level
                    A         B        C        D         E        F      G
               +---------+---------+-------+---------+---------+-------+---------
         Total |       0 |      55 |   0.0 |       0 |      33 |   0.0 |  1246
               +---------+---------+-------+---------+---------+-------+---------
           D:1 |       0 |      29 |   0.0 |       0 |      19 |   0.0 |  1063
           D:2 |       0 |      26 |   0.0 |       0 |      14 |   0.0 |   183
               +---------+---------+-------+---------+---------+-------+---------
